 Dungeon Crawl Stone Soup version 0.23.0-3-gf3c87f2 (webtiles) character file.

Game seed: 3767159162728575269

18 Evonexus1234 the Stinger (level 2, 0/22 HPs)
             Began as a Deep Dwarf Venom Mage on Feb 21, 2019.
             Slain by a gnoll
             ... wielding a cursed -1 whip
              (6 damage)
             ... on level 1 of the Dungeon.
             The game lasted 00:05:40 (347 turns).

Evonexus1234 the Stinger (Deep Dwarf Venom Mage)     Turns: 347, Time: 00:05:40

Health: 0/22       AC:  2    Str: 11    XL:     2   Next: 48%
Magic:  3/4        EV: 12    Int: 15    God:
Gold:   10         SH:  0    Dex: 13    Spells: 3/4 levels left

rFire    . . .     SeeInvis .   e - +0 club
rCold    . . .     Gourm    .   (no shield)
rNeg     . . .     Faith    .   a - +0 robe
rPois    .         Spirit   .   (no helmet)
rElec    .         Reflect  .   (no cloak)
rCorr    .         Harm     .   (no gloves)
MR       .....                  (no boots)
Stlth    ++........             (no amulet)
HPRegen  0.00/turn              (no ring)
MPRegen  0.09/turn              (no ring)

@: very slightly contaminated, non-regenerating
A: damage resistance, heal wounds, sense surroundings 1, no regeneration
a: Heal Wounds


You were on level 1 of the Dungeon.
You were not hungry.

You visited 1 branch of the dungeon, and saw 1 of its levels.

You collected 10 gold pieces.

Inventory:

Hand Weapons
 e - a +0 club (weapon)
Missiles
 d - 33 stones (quivered)
Armour
 a - a +0 robe (worn)
Scrolls
 b - a scroll of identify {unknown}
Potions
 g - a potion of curing {unknown}
 h - a potion of heal wounds {unknown}
Comestibles
 c - a ration
 f - 9 chunks of flesh


   Skills:
 + Level 1.2 Maces & Flails
 - Level 2.1 Dodging
 - Level 2.4 Stealth
 - Level 1.9 Spellcasting
 - Level 0.8 Conjurations
 - Level 2.8 Poison Magic


You had 3 spell levels left.
You knew the following spells:

 Your Spells              Type           Power        Failure   Level  Hunger
a - Sting                 Conj/Pois      #...         11%         1    ##.....

Your spell library contained the following spells:

 Spells                   Type           Power        Failure   Level  Hunger
 Poisonous Vapours        Pois/Air       #.....       19%         2    ###....
 Mephitic Cloud           Conj/Pois/Air  #.......     38%         3    ####...
 Olgreb's Toxic Radiance  Pois           #.......     56%         4    #####..
 Venom Bolt               Conj/Pois      #.........   96%         5    ######.


Dungeon Overview and Level Annotations

Branches:
Dungeon (1/15)

Altars:


Innate Abilities, Weirdness & Mutations

You are resistant to damage.
You can heal yourself by infusing magical energy.
You passively map a small area around you.
You do not regenerate.


Message History

Press: ? - help, Shift-Dir - straight line, f/p - gnoll
Aim: a gnoll, wielding a -1 whip (lightly wounded)
You throw a stone. The stone hits the gnoll.
The gnoll is moderately wounded.
You hit the gnoll but do no damage.
The gnoll is moderately wounded.
The gnoll closely misses you.
You hit the gnoll but do no damage.
The gnoll is moderately wounded.
The gnoll hits you with a cursed -1 whip!
You hit the gnoll.
The gnoll is heavily wounded.
A kobold comes into view.
The gnoll hits you with a cursed -1 whip!
* * * LOW HITPOINT WARNING * * *
You completely miss the gnoll.
The gnoll is heavily wounded.
The gnoll closely misses you.
The gnoll hits you with a cursed -1 whip!
You die...

, ** , , , , ..(.... *.#
.,.# , ....... .##..(. ,
..K... ..............,
#.(..##..#...#.#... ,
#.....#......#.#...,
#.....#........... , * ,
#....g#....#.#..####### ,
#.@......#..##.....
##..........##..... *
#...........#..... * *
##................ * * ,*
#................ * * * ,
#....###.#..รท.... ,,,
...................
#########...#........###
###....#.##...............


You could see a gnoll and a kobold.

Vanquished Creatures
  A dart slug (D:1)
  A giant cockroach (D:1)
  3 goblins (D:1)
  2 hobgoblins (D:1)
  3 jackals (D:1)
  3 bats (D:1)
  A rat (D:1)
14 creatures vanquished.

Notes
Turn   | Place    | Note
-------+----------+-------------------------------------------
     0 | D:1      | Evonexus1234 the Deep Dwarf Venom Mage began the quest for
                  | the Orb.
     0 | D:1      | Reached XP level 1. HP: 15/15 MP: 3/3
   167 | D:1      | Reached XP level 2. HP: 8/22 MP: 0/4
   289 | D:1      | Reached skill level 1 in Maces & Flails
   347 | D:1      | Slain by a gnoll

Skill      XL: |  1  2 |
---------------+-------+-----
Maces & Flails | 1 |  1.2
Dodging        | |  2.1
Stealth        | |  2.4
Spellcasting   | |  1.9
Conjurations   | |  0.8
Poison Magic   | |  2.8

Action                   || total
-------------------------++-------
Melee: Unarmed           ||    26
       Club              ||    34
Throw: Stone             ||    15
 Cast: Sting             ||    12
 Abil: Heal Wounds       ||     1
 Stab: Sleeping          ||     1
Armor: Robe              ||    18
Dodge: Dodged            ||    70
